TOP OF THE 1ST |
Port Huron Blitzkrieg batting - Pitching for Pawnee ParksNRec : RHP Manuel Ruíz
|
Pitching: RHP Manuel Ruíz
|
|
Batting: RHB Ricardo Mireles
|
0-0: Fly out, F8 (Flyball, 8RD, EV 107.5 MPH)
|
Batting: RHB Jeff Reed
|
0-0: Ball 1-0: Called Strike 1-1: SINGLE (Line Drive, 78S, EV 102.5 MPH)
|
Batting: RHB John Wilkerson
|
0-0: SINGLE (Groundball, 6D, EV 108.1 MPH) Jeff Reed to second
|
Batting: SHB Marços Mansilha
|
0-0: Ball 1-0: Called Strike 1-1: Fly out, F8 (Flyball, 8LS, EV 73.8 MPH)
|
Batting: RHB Chris McBride
|
0-0: Foul Ball, location: 2F 0-1: Ball 1-1: Ball 2-1: SINGLE (Groundball, 6MD, EV 96.2 MPH) Jeff Reed to third John Wilkerson to second Runner from 3rd tries for Home, SAFE, throw by CF to home
|
Batting: RHB John Willoughby
|
0-0: Ball 1-0: Called Strike 1-1: Ball 2-1: Fly out, F8 (Line Drive, 8RD, EV 107.5 MPH)
|
Top of the 1st over - 1 run, 3 hits, 0 errors, 2 left on base; Port Huron 1 - Pawnee 0 |
BOTTOM OF THE 1ST |
Pawnee ParksNRec batting - Pitching for Port Huron Blitzkrieg : RHP Martin Luther
|
Pitching: RHP Martin Luther
|
|
Batting: RHB Hiroshige Ohashi
|
0-0: Called Strike 0-1: Swinging Strike 0-2: Ball 1-2: Foul Ball, location: 2F 1-2: Ball 2-2: Strikes out swinging
|
Batting: RHB Bartolo Álvarez
|
0-0: Ball 1-0: Ball 2-0: Ball 3-0: Base on Balls
|
Batting: LHB Won-shik Yi
|
0-0: Called Strike 0-1: SINGLE (Line Drive, 7LS, EV 100.0 MPH) Bartolo Álvarez to second
|
Batting: RHB Josh Mawdesley
|
0-0: Ball 1-0: Fly out, F8 (Flyball, 89S, EV 85.6 MPH)
|
Batting: LHB Ron Lee
|
0-0: Foul Ball, location: 2F 0-1: Called Strike 0-2: Strikes out swinging
|
Bottom of the 1st over - 0 runs, 1 hit, 0 errors, 2 left on base; Port Huron 1 - Pawnee 0 |
TOP OF THE 2ND |
Port Huron Blitzkrieg batting - Pitching for Pawnee ParksNRec : RHP Manuel Ruíz
|
Batting: RHB D'Artagnan Rasberry
|
0-0: DOUBLE (Line Drive, 7LS, EV 93.1 MPH)
|
Batting: RHB John Ryan
|
0-0: Called Strike 0-1: DOUBLE (Line Drive, 78M, EV 92.5 MPH) D'Artagnan Rasberry scores
|
Batting: SHB Ben Boston
|
0-0: Ball 1-0: Called Strike 1-1: Fly out, F6 (Popup, 6M, EV 71.2 MPH)
|
Batting: RHB Ricardo Mireles
|
0-0: Ball 1-0: Ground out 5-3 (Groundball, 5S, EV 71.2 MPH) John Ryan to third
|
Batting: RHB Jeff Reed
|
0-0: Called Strike 0-1: Called Strike 0-2: DOUBLE (Line Drive, 89D, EV 111.9 MPH) John Ryan scores
|
Batting: RHB John Wilkerson
|
0-0: Foul Ball, location: 2F 0-1: Ball 1-1: Ball 2-1: Fly out, F9 (Flyball, 9S, EV 90.6 MPH)
|
Top of the 2nd over - 2 runs, 3 hits, 0 errors, 1 left on base; Port Huron 3 - Pawnee 0 |
BOTTOM OF THE 2ND |
Pawnee ParksNRec batting - Pitching for Port Huron Blitzkrieg : RHP Martin Luther
|
Batting: RHB Charles Atkinson
|
0-0: Swinging Strike 0-1: Called Strike 0-2: Ball 1-2: Foul Ball, location: 2F 1-2: Strikes out swinging
|
Batting: RHB Abel Murphy
|
0-0: Called Strike 0-1: Ball 1-1: Foul Ball, location: 2F 1-2: Ball 2-2: Ground out U3 (Groundball, 34, EV 82.5 MPH)
|
Batting: SHB Jake Pinto
|
0-0: Ball 1-0: Called Strike 1-1: Ball 2-1: Ball 3-1: Ground out 6-3 (Groundball, 6M, EV 95.6 MPH)
|
Bottom of the 2nd over - 0 runs, 0 hits, 0 errors, 0 left on base; Port Huron 3 - Pawnee 0 |
TOP OF THE 3RD |
Port Huron Blitzkrieg batting - Pitching for Pawnee ParksNRec : RHP Manuel Ruíz
|
Batting: SHB Marços Mansilha
|
0-0: SINGLE (Groundball, 34D, EV 98.1 MPH)
|
Batting: RHB Chris McBride
|
0-0: Ball 1-0: Called Strike 1-1: Called Strike 1-2: Grounds into double play, 6-4-3 (Groundball, 6M, EV 107.5 MPH)
|
Batting: RHB John Willoughby
|
0-0: Called Strike 0-1: Foul Ball, location: 2F 0-2: Fly out, F5 (Flyball, 5D, EV 82.5 MPH)
|
Top of the 3rd over - 0 runs, 1 hit, 0 errors, 0 left on base; Port Huron 3 - Pawnee 0 |
BOTTOM OF THE 3RD |
Pawnee ParksNRec batting - Pitching for Port Huron Blitzkrieg : RHP Martin Luther
|
Batting: RHB Henry Kent
|
0-0: Ground out 5-3 (Groundball, 56, EV 88.1 MPH)
|
Batting: RHB Hiroshige Ohashi
|
0-0: Ball 1-0: Called Strike 1-1: Foul Ball, location: 2F 1-2: Ball 2-2: Ground out 5-3 (Groundball, 56, EV 84.4 MPH)
|
Batting: RHB Bartolo Álvarez
|
0-0: Foul Ball, location: 2F 0-1: Ball 1-1: Fly out, F7 (Line Drive, 7, EV 89.4 MPH)
|
Bottom of the 3rd over - 0 runs, 0 hits, 0 errors, 0 left on base; Port Huron 3 - Pawnee 0 |
TOP OF THE 4TH |
Port Huron Blitzkrieg batting - Pitching for Pawnee ParksNRec : RHP Manuel Ruíz
|
Batting: RHB D'Artagnan Rasberry
|
0-0: Ball 1-0: SINGLE (Line Drive, 8RS, EV 98.8 MPH)
|
Batting: RHB John Ryan
|
0-0: Fielders Choice at 2nd, 5-4 (Groundball, 5, EV 78.1 MPH)
|
Batting: SHB Ben Boston
|
0-0: Ball 1-0: Ball 2-0: Foul Ball, location: 2F 2-1: Ball 3-1: Called Strike 3-2: Ground out U3 (Groundball, 3, EV 98.8 MPH) John Ryan to second
|
Batting: RHB Ricardo Mireles
|
0-0: Called Strike 0-1: Ball 1-1: Foul Ball, location: 2F 1-2: Ball 2-2: Foul Ball, location: 2F 2-2: Ball 3-2: Fly out, F8 (Flyball, 8LS, EV 92.5 MPH)
|
Top of the 4th over - 0 runs, 1 hit, 0 errors, 1 left on base; Port Huron 3 - Pawnee 0 |
BOTTOM OF THE 4TH |
Pawnee ParksNRec batting - Pitching for Port Huron Blitzkrieg : RHP Martin Luther
|
Batting: LHB Won-shik Yi
|
0-0: Ball 1-0: Called Strike 1-1: Ball 2-1: Foul Ball, location: 2F 2-2: Foul Ball, location: 2F 2-2: SOLO HOME RUN (Flyball, 9LD, EV 95.0 MPH), Distance : 334 ft
|
Batting: RHB Josh Mawdesley
|
0-0: Ground out 5-3 (Groundball, 56, EV 89.4 MPH)
|
Batting: LHB Ron Lee
|
0-0: Ball 1-0: Ground out 4-3 (Groundball, 4, EV 85.6 MPH)
|
Batting: RHB Charles Atkinson
|
0-0: Ground out 6-3 (Groundball, 6, EV 101.9 MPH)
|
Bottom of the 4th over - 1 run, 1 hit, 0 errors, 0 left on base; Port Huron 3 - Pawnee 1 |
TOP OF THE 5TH |
Port Huron Blitzkrieg batting - Pitching for Pawnee ParksNRec : RHP Manuel Ruíz
|
Batting: RHB Jeff Reed
|
0-0: Called Strike 0-1: Ball 1-1: Ground out 6-3 (Groundball, 6M, EV 87.5 MPH)
|
Batting: RHB John Wilkerson
|
0-0: Called Strike 0-1: Ball 1-1: Foul Ball, location: 2F 1-2: Foul Ball, location: 2F 1-2: Ball 2-2: Ground out 5-3 (Groundball, 56S, EV 90.6 MPH)
|
Batting: SHB Marços Mansilha
|
0-0: Called Strike 0-1: DOUBLE (Groundball, 5L, EV 108.1 MPH)
|
Batting: RHB Chris McBride
|
0-0: Foul Ball, location: 2F 0-1: Ground out 6-3 (Groundball, 6, EV 89.4 MPH)
|
Top of the 5th over - 0 runs, 1 hit, 0 errors, 1 left on base; Port Huron 3 - Pawnee 1 |
BOTTOM OF THE 5TH |
Pawnee ParksNRec batting - Pitching for Port Huron Blitzkrieg : RHP Martin Luther
|
Batting: RHB Abel Murphy
|
0-0: Foul Ball, location: 2F 0-1: Called Strike 0-2: Strikes out swinging
|
Batting: SHB Jake Pinto
|
0-0: Ground out 6-3 (Groundball, 6, EV 90.0 MPH)
|
Batting: RHB Henry Kent
|
0-0: Ball 1-0: Ball 2-0: Foul Ball, location: 2F 2-1: Ground out 6-3 (Groundball, 56, EV 85.0 MPH)
|
Bottom of the 5th over - 0 runs, 0 hits, 0 errors, 0 left on base; Port Huron 3 - Pawnee 1 |
TOP OF THE 6TH |
Port Huron Blitzkrieg batting - Pitching for Pawnee ParksNRec : RHP Manuel Ruíz
|
Batting: RHB John Willoughby
|
0-0: Called Strike 0-1: Called Strike 0-2: Ball 1-2: Foul Ball, location: 2F 1-2: Foul Ball, location: 2F 1-2: Fly out, F7 (Flyball, 78S, EV 90.0 MPH)
|
Batting: RHB D'Artagnan Rasberry
|
0-0: Called Strike 0-1: Ball 1-1: Foul Ball, location: 2F 1-2: Fly out, F9 (Flyball, 9, EV 88.1 MPH)
|
Batting: RHB John Ryan
|
0-0: Foul Ball, location: 2F 0-1: Swinging Strike 0-2: Ball 1-2: Foul Ball, location: 2F 1-2: Ball 2-2: SINGLE (Groundball, 6, EV 86.9 MPH) (infield hit)
|
Batting: SHB Ben Boston
|
0-0: Ball 1-0: Fly out, F8 (Flyball, 8RS, EV 84.4 MPH)
|
Top of the 6th over - 0 runs, 1 hit, 0 errors, 1 left on base; Port Huron 3 - Pawnee 1 |
BOTTOM OF THE 6TH |
Pawnee ParksNRec batting - Pitching for Port Huron Blitzkrieg : RHP Martin Luther
|
Batting: RHB Hiroshige Ohashi
|
0-0: Ball 1-0: Foul Ball, location: 2F 1-1: Ball 2-1: Ball 3-1: Foul Ball, location: 2F 3-2: Foul Ball, location: 2F 3-2: Base on Balls
|
Batting: RHB Bartolo Álvarez
|
0-0: Ground out 6-3 (Groundball, 6S, EV 77.5 MPH) Hiroshige Ohashi to second
|
Batting: LHB Won-shik Yi
|
0-0: Ball 1-0: Called Strike Hiroshige Ohashi steals 3rd base 1-1: Ball 2-1: Swinging Strike 2-2: Foul Ball, location: 2F 2-2: Fly out, F8 (Flyball, 89D, EV 90.6 MPH) Runner from 3rd tags up, OUT at HOME! 8-2
|
Bottom of the 6th over - 0 runs, 0 hits, 0 errors, 0 left on base; Port Huron 3 - Pawnee 1 |
TOP OF THE 7TH |
Port Huron Blitzkrieg batting - Pitching for Pawnee ParksNRec : RHP Manuel Ruíz
|
Batting: RHB Ricardo Mireles
|
0-0: Ball 1-0: Ball 2-0: Called Strike 2-1: Foul Ball, location: 2F 2-2: Strikes out swinging
|
Batting: RHB Jeff Reed
|
0-0: Ball 1-0: Called Strike 1-1: Called Strike 1-2: Ball 2-2: Strikes out swinging
|
Batting: RHB John Wilkerson
|
0-0: Ball 1-0: Foul Ball, location: 2F 1-1: Foul Ball, location: 2F 1-2: Strikes out swinging
|
Top of the 7th over - 0 runs, 0 hits, 0 errors, 0 left on base; Port Huron 3 - Pawnee 1 |
BOTTOM OF THE 7TH |
Pawnee ParksNRec batting - Pitching for Port Huron Blitzkrieg : RHP Martin Luther
|
Batting: RHB Josh Mawdesley
|
0-0: Ball 1-0: Called Strike 1-1: Foul Ball, location: 2F 1-2: Strikes out swinging
|
Batting: LHB Ron Lee
|
0-0: Ball 1-0: Ball 2-0: Foul Ball, location: 2F 2-1: Called Strike 2-2: Strikes out swinging
|
Batting: RHB Charles Atkinson
|
0-0: Ball 1-0: Ground out 5-3 (Groundball, 5S, EV 89.4 MPH)
|
Bottom of the 7th over - 0 runs, 0 hits, 0 errors, 0 left on base; Port Huron 3 - Pawnee 1 |
TOP OF THE 8TH |
Port Huron Blitzkrieg batting - Pitching for Pawnee ParksNRec : RHP Manuel Ruíz
|
Pitching: RHP Cédric Dupré
|
|
Batting: SHB Marços Mansilha
|
0-0: Ball 1-0: Called Strike 1-1: DOUBLE (Groundball, 5L, EV 110.6 MPH)
|
Batting: RHB Chris McBride
|
0-0: Intentional Walk
|
Batting: RHB John Willoughby
|
0-0: Called Strike 0-1: Ball Wild Pitch! Marços Mansilha to third Chris McBride to second 1-1: Called Strike 1-2: Ground out 5-3 (Groundball, 56S, EV 84.4 MPH) Marços Mansilha scores
|
Batting: RHB D'Artagnan Rasberry
|
0-0: Ball 1-0: SINGLE (Flyball, 9LS, EV 88.1 MPH) Chris McBride to third
|
Batting: RHB John Ryan
|
0-0: Called Strike 0-1: Swinging Strike 0-2: Strikes out swinging
|
Batting: SHB Ben Boston
|
0-0: Foul Ball, location: 2F 0-1: Foul Ball, location: 2F 0-2: Ball 1-2: Ball 2-2: Ground out 3-1 (Groundball, 34S, EV 67.5 MPH)
|
Top of the 8th over - 1 run, 2 hits, 0 errors, 2 left on base; Port Huron 4 - Pawnee 1 |
BOTTOM OF THE 8TH |
Pawnee ParksNRec batting - Pitching for Port Huron Blitzkrieg : RHP Martin Luther
|
Batting: RHB Abel Murphy
|
0-0: Foul Ball, location: 2F 0-1: Ball 1-1: Ball 2-1: Ball 3-1: Fly out, F4 (Line Drive, 4, EV 72.5 MPH)
|
Batting: SHB Jake Pinto
|
0-0: Called Strike 0-1: Ball 1-1: Ball 2-1: Foul Ball, location: 2F 2-2: Strikes out looking
|
Batting: RHB Henry Kent
|
0-0: Called Strike 0-1: Ball 1-1: Ground out 6-3 (Groundball, 6, EV 89.4 MPH)
|
Bottom of the 8th over - 0 runs, 0 hits, 0 errors, 0 left on base; Port Huron 4 - Pawnee 1 |
TOP OF THE 9TH |
Port Huron Blitzkrieg batting - Pitching for Pawnee ParksNRec : RHP Cédric Dupré
|
Batting: RHB Ricardo Mireles
|
0-0: Ball 1-0: Ball 2-0: Ball 3-0: Called Strike 3-1: Base on Balls
|
Batting: RHB Jeff Reed
|
0-0: Called Strike 0-1: SINGLE (Groundball, 56D, EV 105.0 MPH) Ricardo Mireles to second
|
Batting: RHB John Wilkerson
|
0-0: Called Strike 0-1: Ball 1-1: Grounds into double play, 6-4-3 (Groundball, 6, EV 89.4 MPH) Ricardo Mireles to third
|
Batting: SHB Marços Mansilha
|
0-0: Ball 1-0: Called Strike 1-1: Called Strike 1-2: Ball 2-2: Strikes out looking
|
Top of the 9th over - 0 runs, 1 hit, 0 errors, 1 left on base; Port Huron 4 - Pawnee 1 |
BOTTOM OF THE 9TH |
Pawnee ParksNRec batting - Pitching for Port Huron Blitzkrieg : RHP Martin Luther
|
Pitching: RHP Daryl Dwyer
|
|
Batting: RHB Hiroshige Ohashi
|
0-0: Ball 1-0: Foul Ball, location: 2F 1-1: Called Strike 1-2: Foul Ball, location: 2F 1-2: Ground out 6-3 (Groundball, 6, EV 85.6 MPH)
|
Batting: RHB Bartolo Álvarez
|
0-0: Swinging Strike 0-1: Foul Ball, location: 2F 0-2: Foul Ball, location: 2F 0-2: Ball 1-2: Strikes out swinging
|
Batting: LHB Won-shik Yi
|
0-0: Called Strike 0-1: Foul Ball, location: 2F 0-2: Fly out, F7 (Flyball, 7S, EV 75.0 MPH)
|
Bottom of the 9th over - 0 runs, 0 hits, 0 errors, 0 left on base; Port Huron 4 - Pawnee 1 |
|